[Event "ICCopen2016"]
[Site "Internet Chess Club"]
[Date "2016.06.03"]
[Round "7"]
[White "OparinGrigoriy"]
[Black "chessasuke91"]
[Result "0-1"]
[ICCResult "White resigns"]
[WhiteElo "2826"]
[BlackElo "2665"]
[Opening "French: Winawer, advance, positional main line"]
[ECO "C19"]
[NIC "FR.12"]
[Time "20:06:31"]
[TimeControl "180+0"]

1. e4 e6 2. d4 d5 3. Nc3 Bb4 4. e5 c5 5. a3 Bxc3+ 6. bxc3 Ne7 7. Nf3 Bd7 8.
a4 Qc7 9. h4 Nbc6 10. h5 h6 11. Qd2 Na5 12. Bd3 Rc8 13. O-O Nc4 14. Qf4 O-O
15. Qg3 Kh8 16. Nh2 Qa5 17. Ng4 Nf5 18. Qf4 Qxc3 19. Rb1 Nxd4 20. Rxb7 Qxd3
21. cxd3 Ne2+ 22. Kh2 Nxf4 23. Bxf4 Bc6 24. Rxa7 Nb2 25. Rb1 Nxd3 26. Bd2 d4
27. a5 c4 28. Rd1 Ba4 29. Ra1 c3 30. Bc1 Nxc1 31. Rxc1 d3 32. Ne3 d2 33. Ra1
c2 34. Nxc2 Bxc2 35. a6 d1=Q {White resigns} 0-1

[Event "ICCopen2016"]
[Site "Internet Chess Club"]
[Date "2016.06.03"]
[Round "7"]
[White "senya"]
[Black "baconwithfries"]
[Result "1-0"]
[ICCResult "Black forfeits on time"]
[WhiteElo "1122"]
[BlackElo "1299"]
[Opening "English opening"]
[ECO "A10"]
[NIC "EO.63"]
[Time "20:06:09"]
[TimeControl "180+0"]

1. c4 b6 2. e3 Bb7 3. d4 e6 4. Nf3 f5 5. Be2 Nf6 6. a3 Be7 7. Nc3 O-O 8. b4
Ne4 9. Nxe4 fxe4 10. Nd2 d5 11. c5 bxc5 12. dxc5 c6 13. Nb3 Ba6 14. O-O Bh4
15. Bxa6 Nxa6 16. Qg4 Qf6 17. Ra2 Bxf2+ 18. Raxf2 Qe7 19. Bb2 Rxf2 20. Rxf2
Rf8 21. Rxf8+ Kxf8 22. Qf4+ Kg8 23. g3 e5 24. Bxe5 Qe6 25. Na5 d4 26. exd4
Qa2 27. Qf2 Qb1+ 28. Kg2 {Black forfeits on time} 1-0

[Event "ICCopen2016"]
[Site "Internet Chess Club"]
[Date "2016.06.03"]
[Round "7"]
[White "Joshdaruca"]
[Black "Bozhenka"]
[Result "1-0"]
[ICCResult "Black checkmated"]
[WhiteElo "2780"]
[BlackElo "3001"]
[Opening "Sicilian: Najdorf, 6.Bg5"]
[ECO "B94"]
[NIC "SI.04"]
[Time "20:05:48"]
[TimeControl "180+0"]

1. e4 c5 2. Nf3 d6 3. d4 cxd4 4. Nxd4 Nf6 5. Nc3 a6 6. Bg5 Nbd7 7. Bc4 h6 8.
Bxf6 Nxf6 9. f4 e6 10. Qf3 Qc7 11. Bb3 b5 12. O-O-O Bb7 13. a3 O-O-O 14.
Bxe6+ fxe6 15. Nxe6 Qe7 16. Nxd8 Qxd8 17. Rhe1 Qc7 18. Qg3 d5 19. e5 Ne4 20.
Qg4+ Kb8 21. Nxd5 Qc4 22. Qd7 Bxa3 23. bxa3 Rc8 24. Nb4 a5 25. Rxe4 Qxe4 26.
Nd3 Qc4 27. Rd2 Qa2 28. Qxb5 Qa1+ 29. Qb1 Qxa3+ 30. Qb2 Qa4 31. e6 Ka8 32.
e7 Qe4 33. Qe5 Qa4 34. Nc5 Qa3+ 35. Kd1 Rxc5 36. e8=Q+ Ka7 37. Q8b8+ Ka6 38.
Rd6+ Bc6 39. Rxc6+ Rxc6 40. Qeb5# {Black checkmated} 1-0

[Event "ICCopen2016"]
[Site "Internet Chess Club"]
[Date "2016.06.03"]
[Round "7"]
[White "croder"]
[Black "smsxman"]
[Result "1-0"]
[ICCResult "Black checkmated"]
[WhiteElo "1730"]
[BlackElo "1146"]
[Opening "Four knights: Scotch, 4...exd4"]
[ECO "C47"]
[NIC "VG.04"]
[Time "20:06:38"]
[TimeControl "180+0"]

1. e4 e5 2. Nc3 Nf6 3. Nf3 Nc6 4. d4 exd4 5. Nxd4 Nxd4 6. Qxd4 d6 7. Bg5 Be7
8. O-O-O O-O 9. Kb1 Be6 10. f4 c5 11. Qd2 Qa5 12. f5 Qxa2+ 13. Nxa2 Bxa2+
14. Kxa2 Nxe4 15. Qe2 Nxg5 16. Qxe7 f6 17. Qxd6 Ne4 18. Bc4+ Kh8 19. Qc7
Rab8 20. Rd7 Ng5 21. Rxg7 Rbc8 22. Qxb7 Rb8 23. Qd5 a5 24. Re1 a4 25. Ree7
a3 26. b3 Rbd8 27. Qxc5 Rc8 28. Qe3 Rcd8 29. Qxg5 fxg5 30. Rxh7#
{Black checkmated}
1-0

[Event "ICCopen2016"]
[Site "Internet Chess Club"]
[Date "2016.06.03"]
[Round "7"]
[White "DaveyJones"]
[Black "TudoracheM"]
[Result "0-1"]
[ICCResult "White forfeits on time"]
[WhiteElo "1507"]
[BlackElo "1722"]
[Opening "Nimzovich-Larsen attack: Indian variation"]
[ECO "A01"]
[NIC "VO.08"]
[Time "20:06:13"]
[TimeControl "180+0"]

1. b3 Nf6 2. Bb2 g6 3. e3 Bg7 4. f4 O-O 5. Nf3 d6 6. Be2 Nc6 7. O-O Nd7 8.
Bxg7 Kxg7 9. d4 e5 10. d5 Ne7 11. fxe5 dxe5 12. c4 h6 13. Kh1 f5 14. Nc3 a6
15. Qe1 Ng8 16. Nh4 Qg5 17. Bd3 e4 18. Bc2 Ne5 19. Rd1 Ng4 20. Rd2 Nxe3 21.
Rg1 Ng4 22. d6 cxd6 23. Rxd6 Rf6 24. Rxf6 N8xf6 25. Nd5 Be6 26. Nxf6 Qxf6
27. Qb4 Qf7 28. Qc3+ Kh7 29. Rf1 Rd8 30. g3 e3 31. Ng2 Nf2+ 32. Kg1 Ne4 33.
Qxe3 Ng5 {White forfeits on time} 0-1

[Event "ICCopen2016"]
[Site "Internet Chess Club"]
[Date "2016.06.03"]
[Round "7"]
[White "jncool68"]
[Black "skippykid"]
[Result "1-0"]
[ICCResult "Black resigns"]
[WhiteElo "2891"]
[BlackElo "2300"]
[Opening "French: Steinitz, Boleslavsky variation"]
[ECO "C11"]
[NIC "FR.04"]
[Time "20:06:29"]
[TimeControl "180+0"]

1. e4 e6 2. d4 d5 3. Nc3 Nf6 4. e5 Nfd7 5. f4 c5 6. Nf3 Nc6 7. Be3 a6 8. Qd2
b5 9. dxc5 Bxc5 10. Bxc5 Nxc5 11. Qf2 Qb6 12. Bd3 Bb7 13. O-O Nd7 14. a4 b4
15. Ne2 Qxf2+ 16. Kxf2 Nc5 17. Ke3 O-O-O 18. Ned4 Kc7 19. Nxc6 Kxc6 20. b3
Kb6 21. Nd4 Rhe8 22. g4 Nxd3 23. cxd3 Rc8 24. Rfc1 a5 25. Kd2 Ba6 26. Rxc8
Rxc8 27. Ne2 Rc5 28. Rc1 Bb7 29. Ke3 Ba6 30. Kd4 Rc6 31. Rxc6+ Kxc6 32. Ng3
g6 33. h4 Kd7 34. h5 Kc6 35. h6 Bc8 36. Nh1 Kd7 37. Nf2 Ba6 38. Kc5 Kc7 39.
Kd4 Kd7 40. Nh3 Ke7 41. Ng5 Kf8 42. Nxh7+ Kg8 43. Nf6+ Kh8 44. g5 Bxd3 45.
Kxd3 d4 46. Ne4 Kh7 47. Kxd4 Kg8 48. Kc5 {Black resigns} 1-0

[Event "ICCopen2016"]
[Site "Internet Chess Club"]
[Date "2016.06.03"]
[Round "7"]
[White "Pitchoun"]
[Black "Red-white"]
[Result "0-1"]
[ICCResult "White resigns"]
[WhiteElo "2767"]
[BlackElo "3102"]
[Opening "Réti: advance variation"]
[ECO "A09"]
[NIC "RE.17"]
[Time "20:06:39"]
[TimeControl "180+0"]

1. Nf3 d5 2. c4 d4 3. b4 Bg4 4. Qb3 Nf6 5. g3 Bxf3 6. Qxf3 c6 7. Bg2 e5 8.
Qb3 a5 9. b5 a4 10. Qc2 Be7 11. O-O O-O 12. d3 Qc7 13. Ba3 Bxa3 14. Nxa3
Nbd7 15. Rab1 Nc5 16. bxc6 bxc6 17. Qd2 Rfe8 18. Nc2 h6 19. Qb4 Nfd7 20. Rb2
Rab8 21. Qa3 Rxb2 22. Qxb2 Rb8 23. Qa3 Qb6 24. e3 dxe3 25. Nxe3 Ne6 26. Qd6
Qd4 27. Qxc6 Ndc5 28. Nd5 Qxd3 29. Qd6 Rd8 30. Qxe5 Qxc4 31. Ne7+ Kh8 32.
Bd5 Qd4 33. Qxd4 Nxd4 34. Bxf7 g5 35. Rc1 Ne2+ {White resigns} 0-1

[Event "ICCopen2016"]
[Site "Internet Chess Club"]
[Date "2016.06.03"]
[Round "7"]
[White "Nostradamus"]
[Black "minmax"]
[Result "1-0"]
[ICCResult "Black resigns"]
[WhiteElo "2473"]
[BlackElo "2046"]
[Opening "French: classical, Anderssen variation"]
[ECO "C13"]
[NIC "FR.06"]
[Time "20:06:51"]
[TimeControl "180+0"]

1. e4 e6 2. d4 d5 3. Nc3 Nf6 4. Bg5 Be7 5. Bxf6 Bxf6 6. Nf3 dxe4 7. Nxe4 Be7
8. Qd2 c6 9. O-O-O Nd7 10. Bd3 Nf6 11. Nxf6+ Bxf6 12. c3 Bd7 13. Kb1 Qc7 14.
Rhe1 O-O-O 15. Ne5 Bxe5 16. dxe5 c5 17. Qe3 Kb8 18. g3 b6 19. f4 Bc6 20. Bc2
Bd5 21. Rd2 Rd7 22. Red1 Rhd8 23. h4 h6 24. b3 Bc6 25. g4 Rxd2 26. Rxd2 Rxd2
27. Qxd2 Qd7 28. Qxd7 Bxd7 29. Kc1 Bc6 30. Kd2 Kc7 31. Ke3 Kd7 32. g5 hxg5
33. fxg5 Bd5 34. a3 Ke7 35. b4 cxb4 36. cxb4 Kd7 37. Ba4+ Kc7 38. Be8 f6 39.
gxf6 gxf6 40. exf6 Kd8 41. Bg6 e5 42. h5 Kd7 43. h6 Bg8 44. f7 Bh7 45. f8=Q
{Black resigns}
1-0

[Event "ICCopen2016"]
[Site "Internet Chess Club"]
[Date "2016.06.03"]
[Round "7"]
[White "TallTower"]
[Black "JJ12"]
[Result "1-0"]
[ICCResult "Black resigns"]
[WhiteElo "1886"]
[BlackElo "2241"]
[Opening "English: Neo-Catalan declined"]
[ECO "E06"]
[NIC "CA.05"]
[Time "20:07:00"]
[TimeControl "180+0"]

1. Nf3 d5 2. c4 e6 3. g3 Nf6 4. Bg2 Be7 5. O-O O-O 6. d4 dxc4 7. Qc2 a6 8.
a4 Bd7 9. Qxc4 Bc6 10. Bg5 a5 11. Nc3 Na6 12. Rfd1 Nb4 13. Rac1 h6 14. Bxf6
Bxf6 15. Ne5 Bxg2 16. Kxg2 c6 17. Ne4 Be7 18. Nc5 Qc8 19. e4 Rd8 20. Rd2 Qc7
21. f4 Rab8 22. Nxf7 Bxc5 23. Nxd8 b5 24. Qxe6+ Kh8 25. Nf7+ Kh7 26. Rxc5
bxa4 27. Ne5 Rc8 28. Qf7 Qd6 29. Qd7 Qf8 30. Qf5+ Qxf5 31. exf5 Rc7 32. d5
Re7 33. d6 Re8 34. d7 Rd8 35. Nf7 {Black resigns} 1-0

[Event "ICCopen2016"]
[Site "Internet Chess Club"]
[Date "2016.06.03"]
[Round "7"]
[White "carpedef"]
[Black "B-Alqudaimi"]
[Result "0-1"]
[ICCResult "White resigns"]
[WhiteElo "1838"]
[BlackElo "2495"]
[Opening "French: King's Indian attack"]
[ECO "C00"]
[NIC "FR.02"]
[Time "20:06:03"]
[TimeControl "180+0"]

1. e4 e6 2. d3 d5 3. Qe2 Ne7 4. g3 b6 5. Bg2 Bb7 6. Nf3 c5 7. e5 d4 8. h4
Nd5 9. O-O Be7 10. Re1 h6 11. Nbd2 O-O 12. a4 Nc6 13. Nf1 a6 14. h5 Re8 15.
N1h2 Bf8 16. Ng4 b5 17. axb5 axb5 18. Rxa8 Qxa8 19. Nfh2 Ncb4 20. Be4 Qa4
21. b3 Qa2 22. Bxd5 Nxd5 23. Nxh6+ gxh6 24. Ng4 Qa6 25. Bf4 Qc6 26. Bxh6 Nc3
27. Nf6+ Kh8 28. Qe4 Nxe4 29. Rxe4 Bxh6 {White resigns} 0-1

[Event "ICCopen2016"]
[Site "Internet Chess Club"]
[Date "2016.06.03"]
[Round "7"]
[White "Krister"]
[Black "RJoseph12"]
[Result "0-1"]
[ICCResult "White resigns"]
[WhiteElo "1760"]
[BlackElo "1292"]
[Opening "Scotch game"]
[ECO "C45"]
[NIC "SO.05"]
[Time "20:07:33"]
[TimeControl "180+0"]

1. e4 e5 2. Nf3 Nc6 3. d4 exd4 4. Nxd4 Bc5 5. Nxc6 Qf6 6. f3 Qxc6 7. Bd3 Qb6
8. Qe2 Ne7 9. b3 Bd4 10. c3 Bf6 11. Bb2 Qa5 12. b4 Qb6 13. Nd2 Qc6 14. O-O
O-O 15. Rfc1 Re8 16. Nb3 d5 17. Nd4 Qd6 18. Qf2 dxe4 19. Bxe4 Bg5 20. Rd1
Nd5 21. c4 Be3 22. Qxe3 Nxe3 23. Nf5 Qb6 24. c5 Qxb4 25. Nxe3 Qxb2 26. Rab1
Qe5 27. Ng4 Bxg4 28. fxg4 Qxe4 {White resigns} 0-1

[Event "ICCopen2016"]
[Site "Internet Chess Club"]
[Date "2016.06.03"]
[Round "7"]
[White "SCORPION83"]
[Black "HuevosDeLeon"]
[Result "1-0"]
[ICCResult "Black forfeits on time"]
[WhiteElo "3024"]
[BlackElo "2610"]
[Opening "Queen's gambit accepted"]
[ECO "D20"]
[NIC "QG.03"]
[Time "20:05:53"]
[TimeControl "180+0"]

1. d4 d5 2. c4 dxc4 3. e3 e5 4. Bxc4 exd4 5. exd4 Bd6 6. Nf3 Nf6 7. Qe2+ Qe7
8. Qxe7+ Bxe7 9. Nc3 O-O 10. Bf4 Bd6 11. Bxd6 cxd6 12. Nb5 d5 13. Bb3 Nc6
14. Nc7 Rb8 15. Nxd5 Nxd5 16. Bxd5 Re8+ 17. Kd2 Bg4 18. Bxc6 bxc6 19. b3
Bxf3 20. gxf3 Rbd8 21. Rhe1 Rxd4+ 22. Kc3 Red8 23. Re8+ Rxe8 24. Kxd4 Re2
25. Kc5 Rc2+ 26. Kd6 a5 27. Kc7 c5 28. Kb6 c4 29. Kxa5 cxb3 30. axb3 Rxf2
31. b4 Rxf3 32. b5 Rb3 33. b6 f5 34. Ra4 Kf7 35. Rb4 Re3 36. b7 Re8 37. b8=Q
Rxb8 38. Rxb8 f4 39. Kb4 Kf6 40. Kc3 Kf5 41. Kd3 g5 42. h3 h5 43. Rb5+ Kg6
44. Ke4 h4 45. Kf3 Kh5 46. Ra5 {Black forfeits on time} 1-0

[Event "ICCopen2016"]
[Site "Internet Chess Club"]
[Date "2016.06.03"]
[Round "7"]
[White "Qualm"]
[Black "betterone76"]
[Result "0-1"]
[ICCResult "White resigns"]
[WhiteElo "1674"]
[BlackElo "1519"]
[Opening "French: MacCutcheon, Chigorin variation"]
[ECO "C12"]
[NIC "FR.05"]
[Time "20:06:51"]
[TimeControl "180+0"]

1. e4 e6 2. d4 d5 3. Nc3 Nf6 4. Bg5 Bb4 5. e5 h6 6. exf6 hxg5 7. fxg7 Rg8 8.
Qh5 Qf6 9. h4 gxh4 10. Rxh4 Qxg7 11. Nf3 Nc6 12. O-O-O Bd7 13. Bb5 O-O-O 14.
Bxc6 Bxc6 15. g3 Be7 16. Rh3 Rh8 17. Qe5 Qxe5 18. Nxe5 Rxh3 19. Nxf7 Rf8 20.
Ne5 Bf6 21. Ng4 Be7 22. Rf1 Bd6 23. Ne2 Bb5 24. Kd2 Bxe2 25. Kxe2 Rhh8 26.
Ne5 Bxe5 27. dxe5 Rhg8 28. Ke3 Rf5 29. Kd4 Rg4+ 30. f4 Rxg3 31. c4 Rg4 32.
cxd5 Rfxf4+ 33. Rxf4 Rxf4+ 34. Ke3 Rf5 35. Ke4 Kd7 36. dxe6+ {White resigns}
0-1

[Event "ICCopen2016"]
[Site "Internet Chess Club"]
[Date "2016.06.03"]
[Round "7"]
[White "rovov"]
[Black "mikeyb"]
[Result "0-1"]
[ICCResult "White resigns"]
[WhiteElo "1683"]
[BlackElo "2153"]
[Opening "English: Anglo-Grünfeld defense"]
[ECO "A09"]
[NIC "QP.09"]
[Time "20:06:13"]
[TimeControl "180+0"]

1. Nf3 d5 2. c4 Nf6 3. cxd5 Nxd5 4. Nc3 e6 5. g3 Be7 6. Bg2 O-O 7. d3 Nd7 8.
O-O N7f6 9. Bd2 Bd7 10. a3 c5 11. Rb1 b6 12. Ne5 Be8 13. b4 cxb4 14. axb4
Rc8 15. Nxd5 Nxd5 16. Qb3 Bf6 17. Bxd5 exd5 18. d4 Bb5 19. Rfe1 Re8 20. f4
g6 21. Kf2 Bg7 22. Ra1 f6 23. Nf3 Bc4 24. Qb2 Rc7 25. e3 Qd7 26. Rec1 Bd3
27. Rxc7 Qxc7 28. Qc3 Bc4 29. Bc1 Re7 30. Nd2 b5 31. Qa3 Bf8 32. Qa6 Kf7 33.
Nxc4 bxc4 34. b5 Qd7 35. Ba3 Re6 36. Qxa7 Qxa7 {White resigns} 0-1

[Event "ICCopen2016"]
[Site "Internet Chess Club"]
[Date "2016.06.03"]
[Round "7"]
[White "Ajolote"]
[Black "RonJB"]
[Result "1/2-1/2"]
[ICCResult "Game drawn by repetition"]
[WhiteElo "1463"]
[BlackElo "1631"]
[Opening "French: exchange variation"]
[ECO "C01"]
[NIC "FR.01"]
[Time "20:05:52"]
[TimeControl "180+0"]

1. e4 e6 2. d4 d5 3. exd5 exd5 4. Nc3 c6 5. Qf3 Bd6 6. Bd3 Ne7 7. Nge2 Be6
8. h3 Qd7 9. O-O Na6 10. Bf4 Nb4 11. Rad1 Nxd3 12. Rxd3 O-O-O 13. a4 Ng6 14.
Ra1 Bf5 15. Rd2 Rhe8 16. a5 Be4 17. Nxe4 dxe4 18. Qg3 Bxf4 19. Nxf4 Nxf4 20.
Qxf4 f5 21. c3 h6 22. b4 g5 23. Qe3 f4 24. Qe2 Qf5 25. a6 f3 26. axb7+ Kxb7
27. Qa6+ Kc7 28. Qxa7+ Kd6 29. Qc5+ Ke6 30. Qxf5+ Kxf5 31. gxf3 exf3 32.
Ra5+ Kg6 33. Kh2 h5 34. Ra6 Rc8 35. b5 Re2 36. Rd1 Rxf2+ 37. Kg3 Rc2 38.
Rxc6+ Rxc6 39. bxc6 Rxc3 40. d5 h4+ 41. Kf2 Kf5 42. d6 g4 43. hxg4+ Kxg4 44.
d7 Rc2+ 45. Kf1 Kg3 46. d8=Q Rf2+ 47. Ke1 Re2+ 48. Kf1 Rf2+ 49. Kg1 Rg2+ 50.
Kf1 Rf2+ {Game drawn by repetition} 1/2-1/2

[Event "ICCopen2016"]
[Site "Internet Chess Club"]
[Date "2016.06.03"]
[Round "7"]
[White "luckypawns"]
[Black "kingsac"]
[Result "0-1"]
[ICCResult "White forfeits on time"]
[WhiteElo "1588"]
[BlackElo "1892"]
[Opening "Sicilian defense"]
[ECO "B20"]
[NIC "SI.48"]
[Time "20:06:09"]
[TimeControl "180+0"]

1. e4 c5 2. d3 Nc6 3. Nd2 e6 4. f4 Qc7 5. Ngf3 Qxf4 6. Nc4 Qb8 7. g3 b5 8.
Bf4 d6 9. Ncd2 e5 10. Be3 Nge7 11. Qe2 Ng6 12. O-O-O a5 13. Bg2 a4 14. Ng5
Be7 15. Rdf1 f6 16. Ngf3 Nd4 17. Bxd4 cxd4 18. Kb1 Be6 19. c3 dxc3 20. bxc3
b4 21. c4 b3 22. a3 Qb6 23. Kb2 Rc8 24. Qf2 Qc5 25. Qxc5 dxc5 26. h4 h5 27.
Rf2 Nf8 28. Ne1 Bg4 29. Bf3 Ne6 30. Bxg4 hxg4 31. Rfh2 Rd8 32. Nb1 Nd4 33.
Nc3 Nf3 34. Nxf3 gxf3 35. Rf1 Rxd3 36. Rhf2 g5 37. hxg5 fxg5 38. Rxf3 Rh2+
39. R3f2 Rxf2+ 40. Rxf2 Rxg3 41. Nxa4 g4 42. Nc3 Rf3 43. Rg2 g3 44. Kxb3 Bg5
45. Kc2 Be3 46. Ne2 Rf2 47. Rxf2 Bxf2 48. Kb3 g2 49. Ka4 Kd7 50. Kb5 Kd6 51.
a4 g1=Q 52. Nxg1 Bxg1 53. a5 Kc7 54. a6 Bd4 55. Ka5 Bc3+ 56. Kb5 Bb4
{White forfeits on time}
0-1

[Event "ICCopen2016"]
[Site "Internet Chess Club"]
[Date "2016.06.03"]
[Round "7"]
[White "bullbuffalo"]
[Black "Kandor"]
[Result "1-0"]
[ICCResult "Black checkmated"]
[WhiteElo "1332"]
[BlackElo "1103"]
[Opening "Polish (Sokolsky) opening"]
[ECO "A00"]
[NIC "VO.10"]
[Time "20:06:15"]
[TimeControl "180+0"]

1. b4 e6 2. Bb2 d5 3. e3 Nf6 4. a3 a5 5. b5 b6 6. Nf3 c5 7. bxc6 Nxc6 8. c4
dxc4 9. Bxc4 Bc5 10. Nc3 e5 11. h3 O-O 12. Ng5 h6 13. h4 hxg5 14. hxg5 Nh7
15. f4 Bf5 16. Qh5 b5 17. g6 Bxg6 18. Qxg6 Re8 19. Qxh7+ Kf8 20. Bxb5 Rc8
21. fxe5 Ke7 22. Qh4+ Kd7 23. Qg4+ Kc7 24. Bxc6 Kxc6 25. d4 Bb6 26. Rc1 Kb7
27. Nb5 Rxc1+ 28. Bxc1 Qc7 29. Nxc7 Bxc7 30. Bb2 Ra8 31. Qxg7 Ra6 32. Qxf7
Rb6 33. Bc3 Rb1+ 34. Kd2 Rxh1 35. e6 Rh2 36. Kd3 Rxg2 37. e7 Rg1 38. e8=Q
Rd1+ 39. Ke4 Rc1 40. Qb5+ Kc8 41. Qfe8+ Bd8 42. Qbc6+ Kb8 43. Qxd8+ Ka7 44.
Qdc7# {Black checkmated} 1-0

[Event "ICCopen2016"]
[Site "Internet Chess Club"]
[Date "2016.06.03"]
[Round "7"]
[White "DMDIS"]
[Black "servantalt"]
[Result "1-0"]
[ICCResult "Black checkmated"]
[WhiteElo "2019"]
[BlackElo "1608"]
[Opening "Queen's pawn"]
[ECO "A40"]
[NIC "QO.17"]
[Time "20:06:37"]
[TimeControl "180+0"]

1. d4 c6 2. Nf3 d5 3. Bf4 e6 4. e3 Nf6 5. Nbd2 Be7 6. Bd3 O-O 7. Ne5 Nbd7 8.
Qf3 a6 9. Qh3 g6 10. g4 Nxe5 11. dxe5 Nd7 12. c3 Nc5 13. Bc2 Bg5 14. Bg3 Rb8
15. f4 Be7 16. Qg2 f6 17. h4 Qb6 18. O-O-O Na4 19. Bxa4 Qc7 20. f5 b5 21.
Bc2 b4 22. c4 dxc4 23. Nxc4 a5 24. Nd6 Ba6 25. fxg6 Ra8 26. h5 Bb5 27. exf6
Bxf6 28. g5 Bxg5 29. gxh7+ Kg7 30. Be5+ Kh6 31. Nf5+ exf5 32. Bxc7 Bxe3+ 33.
Kb1 Ra7 34. Qg6# {Black checkmated} 1-0

[Event "ICCopen2016"]
[Site "Internet Chess Club"]
[Date "2016.06.03"]
[Round "7"]
[White "born2die"]
[Black "pawnloser"]
[Result "1-0"]
[ICCResult "Black resigns"]
[WhiteElo "1774"]
[BlackElo "1586"]
[Opening "Alekhine's defense"]
[ECO "B02"]
[NIC "AL.10"]
[Time "20:06:41"]
[TimeControl "180+0"]

1. e4 Nf6 2. f4 Nxe4 3. Nf3 d6 4. d3 Nf6 5. Be2 e6 6. O-O Be7 7. b3 O-O 8.
Bb2 c5 9. Nbd2 Nc6 10. Qe1 d5 11. Qf2 d4 12. Ne4 Nxe4 13. dxe4 Nb4 14. Bd1
b6 15. a3 Nc6 16. Be2 a5 17. Bd3 Ba6 18. Qe2 Bxd3 19. Qxd3 f6 20. f5 e5 21.
Qb5 Qd6 22. Rad1 Na7 23. Qe2 Rac8 24. c3 b5 25. c4 b4 26. a4 Nc6 27. Ne1
Rcd8 28. Nd3 Rfe8 29. Bc1 Bf8 30. Rf3 Ne7 31. Rg3 Rd7 32. Qh5 Red8 33. Rf1
Nc6 34. Rh3 h6 35. Qg6 Ne7 36. Qg4 Kf7 37. Rff3 Ke8 38. Qh5+ g6 39. fxg6 Bg7
40. Bxh6 Ng8 41. Bxg7 Rxg7 42. Qh8 Qe7 43. Nxc5 d3 44. Ne6 d2 45. Nxg7+ Qxg7
46. Qxg7 d1=Q+ 47. Rf1 Qd4+ 48. Kh1 Qxe4 49. Rh8 {Black resigns} 1-0

[Event "ICCopen2016"]
[Site "Internet Chess Club"]
[Date "2016.06.03"]
[Round "7"]
[White "alan2015"]
[Black "klodshans"]
[Result "0-1"]
[ICCResult "White forfeits on time"]
[WhiteElo "1290"]
[BlackElo "1595"]
[Opening "French: Winawer, advance, positional main line"]
[ECO "C19"]
[NIC "FR.12"]
[Time "20:05:51"]
[TimeControl "180+0"]

1. e4 e6 2. d4 d5 3. Nc3 Bb4 4. e5 c5 5. a3 Bxc3+ 6. bxc3 Ne7 7. Nf3 Nd7 8.
Bd3 Nc6 9. O-O Qa5 10. Qd2 cxd4 11. cxd4 Qxd2 12. Bxd2 O-O 13. c3 f5 14.
Rab1 Na5 15. Rb2 b6 16. Ng5 Re8 17. f4 h6 18. Nf3 Kh8 19. Nh4 Nf8 20. h3 Bd7
21. g4 fxg4 22. hxg4 Rac8 23. f5 Nc4 24. Bxc4 Rxc4 25. Kg2 Re7 26. Kg3 exf5
27. gxf5 Be8 28. Be1 Rf7 29. Rbf2 Ra4 30. Ra2 a5 31. Rf3 Bb5 32. Bd2 Bc4 33.
Ra1 b5 34. f6 gxf6 35. Rxf6 Rxf6 36. exf6 Kh7 37. Kf4 Bd3 38. Ke5 Be4 39.
Rg1 Ng6+ 40. Nxg6 Bxg6 41. Bc1 b4 42. axb4 axb4 43. cxb4 Rxb4 44. Rg4 Be4
45. Rg5 hxg5 46. f7 Kg7 47. Ke6 Rb6+ 48. Ke7 Rb7+ 49. Ke6 Rxf7 50. Bxg5 Rf5
51. Be7 Bh1 52. Kxf5 Kf7 53. Bd6 Be4+ 54. Ke5 Kg6 55. Bb4 Kg5 56. Bc5 Kg4
57. Bb4 Kf3 58. Bc5 Ke3 59. Bb4 Kd3 60. Bc5 Kc4 61. Bd6 Kb5 62. Be7 Kc4 63.
Bf6 Kd3 64. Bg5 Kc4 65. Bf4 Kb5 66. Bg5 Kc6 67. Bf6 Kd7 68. Bg5 Ke8 69. Bh4
Kf7 70. Bg3 Kg6 71. Bf4 Kh5 72. Be3 Kg4 73. Bd2 Kf3 74. Bc3 Ke3
{White forfeits on time}
0-1

[Event "ICCopen2016"]
[Site "Internet Chess Club"]
[Date "2016.06.03"]
[Round "7"]
[White "DDT3000"]
[Black "BitsofKoin"]
[Result "0-1"]
[ICCResult "White resigns"]
[WhiteElo "1911"]
[BlackElo "2323"]
[Opening "Scandinavian: Icelandic gambit"]
[ECO "B01"]
[NIC "SD.03"]
[Time "20:06:24"]
[TimeControl "180+0"]

1. e4 d5 2. exd5 Nf6 3. c4 e6 4. d4 exd5 5. Nc3 Bb4 6. Nf3 O-O 7. Bd3 dxc4
8. Bxc4 a6 9. O-O b5 10. Bb3 Bb7 11. Ne5 Nbd7 12. Bf4 Nb6 13. Bg3 Bxc3 14.
bxc3 Ne4 15. Qh5 Qf6 16. Bc2 g6 17. Qh6 Nxc3 18. Rae1 Rae8 19. Ng4 Qg7 20.
Qh4 f5 21. Nf6+ Qxf6 22. Rxe8 Qxh4 23. Rxf8+ Kxf8 24. Bxh4 Nxa2 25. Bb3 Nc3
26. Re1 Bd5 27. Be7+ Kf7 28. Bc2 Be6 29. Bd8 Nbd5 30. g3 a5 31. f3 a4 32.
Kf2 b4 33. Bd3 b3 34. Bc4 b2 {White resigns} 0-1

[Event "ICCopen2016"]
[Site "Internet Chess Club"]
[Date "2016.06.03"]
[Round "7"]
[White "franco"]
[Black "padmanandhini"]
[Result "1-0"]
[ICCResult "Black checkmated"]
[WhiteElo "1156"]
[BlackElo "1321"]
[Opening "KGA: Schallop defense"]
[ECO "C34"]
[NIC "KG.02"]
[Time "20:06:30"]
[TimeControl "180+0"]

1. e4 e5 2. f4 exf4 3. Nf3 Nf6 4. d3 Nc6 5. Bxf4 Bc5 6. Nc3 Ng4 7. d4 Bb4 8.
Bd2 Nf6 9. d5 Bxc3 10. Bxc3 Nb8 11. Bd3 d6 12. O-O Bg4 13. h3 Bxf3 14. Qxf3
Na6 15. e5 dxe5 16. Bxe5 Nc5 17. Bxf6 Qxf6 18. Qxf6 gxf6 19. Rxf6 Nxd3 20.
cxd3 O-O-O 21. Rxf7 Rxd5 22. Rd1 h5 23. Kh2 Rg8 24. Rf4 Rdg5 25. Rf2 R5g7
26. Rdf1 b6 27. Rf8+ Rxf8 28. Rxf8+ Kb7 29. Rf3 Rd7 30. g4 hxg4 31. hxg4 Rd4
32. Kg3 Rb4 33. b3 Rb5 34. Rf5 Rxf5 35. gxf5 Kc6 36. f6 Kd7 37. Kf4 Ke8 38.
Kf5 Kf8 39. Kg6 a6 40. f7 c6 41. Kf6 b5 42. Ke6 c5 43. Kd5 Kxf7 44. Kxc5 Ke6
45. Kb6 Kd5 46. Kxa6 Kd4 47. Kxb5 Kxd3 48. a4 Kc3 49. a5 Kxb3 50. a6 Ka3 51.
a7 Kb3 52. a8=Q Kc3 53. Qd5 Kc2 54. Qd4 Kc1 55. Qf2 Kd1 56. Kc4 Kc1 57. Kc3
Kd1 58. Qd2# {Black checkmated} 1-0

[Event "ICCopen2016"]
[Site "Internet Chess Club"]
[Date "2016.06.03"]
[Round "7"]
[White "BlitzorDDD"]
[Black "PaYbAcK"]
[Result "0-1"]
[ICCResult "White resigns"]
[WhiteElo "2935"]
[BlackElo "2790"]
[Opening "English, Kramnik-Shirov counterattack"]
[ECO "A21"]
[NIC "EO.23"]
[Time "20:05:48"]
[TimeControl "180+0"]

1. c4 e5 2. Nc3 Bb4 3. Nd5 Bc5 4. g3 c6 5. Nc3 d6 6. Bg2 f5 7. e3 Bb4 8.
Nge2 Nf6 9. O-O O-O 10. d3 Be6 11. a3 Ba5 12. b4 Bc7 13. Bb2 Nbd7 14. b5 Rb8
15. a4 d5 16. Ba3 Re8 17. bxc6 bxc6 18. cxd5 Nxd5 19. Rc1 N7f6 20. Qc2 Bd6
21. Bxd6 Qxd6 22. Rfd1 Rec8 23. Qd2 Nb4 24. Rb1 Rd8 25. e4 a5 26. d4 Nxe4
27. Nxe4 fxe4 28. Bxe4 c5 29. d5 Bf7 30. Nc3 Bg6 31. Bxg6 Qxg6 32. d6 Qf7
33. Ne4 c4 34. d7 Nd3 35. Rxb8 Rxb8 36. Nc5 e4 37. Nxe4 Qxd7 38. Qxa5 Re8
39. Ng5 Rf8 40. Qb5 Qd4 41. Nh3 Qg4 42. Qd5+ Kh8 43. Rd2 Qxh3 44. Qxc4 Ne5
45. Qc5 Nf3+ {White resigns} 0-1

[Event "ICCopen2016"]
[Site "Internet Chess Club"]
[Date "2016.06.03"]
[Round "7"]
[White "HPG1947"]
[Black "UltimateR3cruit"]
[Result "1-0"]
[ICCResult "Black checkmated"]
[WhiteElo "1603"]
[BlackElo "1471"]
[Opening "English, 1...Nf6 (Anglo-Indian defense)"]
[ECO "A15"]
[NIC "EO.64"]
[Time "20:06:01"]
[TimeControl "180+0"]

1. c4 Nf6 2. g3 d5 3. Bg2 d4 4. d3 c5 5. Nf3 Nc6 6. O-O e5 7. a3 Bd7 8. Nbd2
Qc7 9. Ne1 Bd6 10. Nc2 h5 11. h3 h4 12. g4 Bxg4 13. hxg4 h3 14. Bf3 Ne7 15.
e3 Ng6 16. b4 b6 17. Bxa8 Qc8 18. Bf3 Nh4 19. Be2 Ng2 20. g5 Rg8 21. gxf6
gxf6 22. Kh1 Qc6 23. Bf3 Qd7 24. Ne4 f5 25. Nf6+ Ke7 26. Nxd7 Kxd7 27. exd4
e4 28. dxe4 fxe4 29. Bxe4 f5 30. Bxf5+ Kc7 31. Qf3 h2 32. dxc5 Nh4 33. cxd6+
Kb8 34. Qc6 Nf3 35. Qc7+ Ka8 36. Be4# {Black checkmated} 1-0